[ AOE2 MATCH · #477809129 ]
UnrankedHindustanis vs Sicilians
[ REPLAY ANALYSIS · EXTRACTED FROM THE RECORDED GAME ]
Feudal
—
Castle
—
Imperial
—
| APM avg | 14.1 |
| APM peak | 37 |
| eAPM avg | 8.1 |
| Villagers / military | 107 / 127 |
Focus
⚔️ 24.0% · 🌾 76.0%
Camel Scout ×91 · Ghulam ×20 · Trade Cart ×19 · Bombard Cannon ×15 · Monk ×1
Feudal
18:54
Castle
37:21
Imperial
—
| APM avg | 10.9 |
| APM peak | 23 |
| eAPM avg | 7.7 |
| Villagers / military | 85 / 135 |
Focus
⚔️ 32.9% · 🌾 67.1%
Skirmisher ×78 · Spearman ×42 · Scout Cavalry ×12 · Archer ×2 · Serjeant ×1
Feudal
11:00
Castle
20:43
Imperial
39:40
| APM avg | 17.5 |
| APM peak | 34 |
| eAPM avg | 12.0 |
| Villagers / military | 89 / 346 |
Focus
⚔️ 42.8% · 🌾 57.2%
Archer ×197 · Spearman ×112 · Plumed Archer ×12 · Mangonel ×10 · Militia ×9 · Trade Cart ×7
Feudal
14:49
Castle
19:26
Imperial
36:19
| APM avg | 38.5 |
| APM peak | 113 |
| eAPM avg | 20.9 |
| Villagers / military | 136 / 134 |
Focus
⚔️ 24.8% · 🌾 75.2%
Ballista Elephant ×77 · Battle Elephant ×29 · Trade Cart ×26 · Mangonel ×16 · Battering Ram ×11 · Monk ×1
Feudal
11:30
Castle
19:22
Imperial
36:38
| APM avg | 19.4 |
| APM peak | 42 |
| eAPM avg | 13.8 |
| Villagers / military | 113 / 523 |
Focus
⚔️ 38.3% · 🌾 61.7%
Spearman ×298 · Iron Pagoda ×108 · Chu Ko Nu ×103 · Trade Cart ×12 · Trebuchet (Packed) ×8 · Monk ×2
Feudal
11:09
Castle
18:07
Imperial
33:53
| APM avg | 20.4 |
| APM peak | 74 |
| eAPM avg | 18.4 |
| Villagers / military | 147 / 246 |
Focus
⚔️ 40.9% · 🌾 59.1%
Scorpion ×108 · Spearman ×49 · Shotel Warrior ×48 · Bombard Cannon ×22 · Scout Cavalry ×15 · Trade Cart ×8
Feudal
12:24
Castle
27:06
Imperial
36:05
| APM avg | 28.8 |
| APM peak | 74 |
| eAPM avg | 13.1 |
| Villagers / military | 81 / 83 |
Focus
⚔️ 35.7% · 🌾 64.3%
Magyar Huszar ×44 · Knight ×11 · Scout Cavalry ×10 · Archer ×6 · Militia ×5 · Spearman ×3
Feudal
—
Castle
—
Imperial
—
| APM avg | 11.0 |
| APM peak | 23 |
| eAPM avg | 9.1 |
| Villagers / military | 99 / 232 |
Focus
⚔️ 31.0% · 🌾 69.0%
Knight ×85 · Archer ×53 · Spearman ×50 · Trade Cart ×21 · War Elephant ×19 · Militia ×14
Match map
Initial resources + every placement click. Lines = walls · curves = elevation contours. ◆ gold · ⬟ stone · ● berries · ✦ relic · ◌ wall gap
Your base· ✓ Closed at 17:52 · 56t walls · no gate
Goeki's base· ✓ Closed at 37:21 · 73t walls · 3 gate(s)
Elvis's base· ✓ Closed at 20:43 · 0t walls · no gate
Bardagger's base· ✓ Closed at 19:26 · 0t walls · no gate
Karamba's base· ✓ Closed at 19:22 · 0t walls · no gate
KingYankee1's base· Open — opponent sealed themselves in
SH_208's base· ✓ Closed at 27:06 · 30t walls · 2 gate(s)
GEvans7's base· ✓ Closed at 19:45 · 43t walls · 1 gate(s)
Smoothed initial terrain · ◌ = detected wall gap · hover for details
Inputs per minute
— Bjorraud - - Goeki
Build order — Bjorraud
First 150 of 239 actions detected
| 0:04 | Build | House |
| 0:05 | Build | House |
| 0:06 | Create | Villager (Male) |
| 0:06 | Create | Villager (Male) |
| 0:06 | Create | Villager (Male) |
| 0:07 | Create | Villager (Male) |
| 0:07 | Create | Villager (Male) |
| 1:16 | Create | Villager (Male) |
| 2:38 | Build | Palisade Wall |
| 2:43 | Create | Villager (Male) |
| 2:43 | Create | Villager (Male) |
| 3:19 | Create | Villager (Male) |
| 3:39 | Create | Villager (Male) |
| 3:53 | Build | Palisade Wall |
| 4:05 | Create | Villager (Male) |
| 4:34 | Create | Villager (Male) |
| 4:48 | Create | Villager (Male) |
| 5:59 | Build | House |
| 6:31 | Create | Villager (Male) |
| 6:42 | Create | Villager (Male) |
| 7:06 | Create | Villager (Male) |
| 7:58 | Create | Villager (Male) |
| 7:58 | Create | Villager (Male) |
| 8:57 | Create | Villager (Male) |
| 9:45 | Research | Loom |
| 10:12 | Build | Lumber Camp |
| 10:15 | Create | Villager (Male) |
| 10:39 | Build | Mining Camp |
| 10:48 | Create | Villager (Male) |
| 11:16 | Build | House |
| 11:18 | Research | Feudal Age |
| 11:24 | Build | Mill |
| 13:38 | Build | Stone Wall |
| 13:42 | Build | Stone Wall |
| 13:50 | Create | Villager (Male) |
| 14:21 | Build | Blacksmith |
| 14:29 | Build | Market |
| 14:53 | Create | Villager (Male) |
| 15:14 | Build | Stone Wall |
| 15:27 | Build | Stone Wall |
| 15:34 | Build | House |
| 15:35 | Create | Villager (Male) |
| 16:12 | Create | Villager (Male) |
| 16:34 | Create | Villager (Male) |
| 16:49 | Build | Mining Camp |
| 16:51 | Create | Villager (Male) |
| 17:25 | Create | Villager (Male) |
| 17:52 | Research | Castle Age |
| 17:59 | Build | House |
| 18:00 | Build | House |
| 19:03 | Create | Trade Cart |
| 19:56 | Create | Trade Cart |
| 20:02 | Research | Double-Bit Axe |
| 20:06 | Research | Horse Collar |
| 20:14 | Research | Stone Mining |
| 20:26 | Create | Villager (Male) |
| 21:03 | Build | Town Center |
| 21:05 | Create | Villager (Male) |
| 21:46 | Build | Mill |
| 21:51 | Create | Villager (Male) |
| 22:32 | Create | Trade Cart |
| 22:35 | Create | Villager (Male) |
| 23:14 | Build | Town Center |
| 23:16 | Create | Villager (Male) |
| 23:16 | Create | Villager (Male) |
| 23:50 | Build | Castle |
| 24:06 | Build | Gate |
| 24:07 | Build | Gate |
| 24:24 | Create | Villager (Male) |
| 24:24 | Create | Villager (Male) |
| 24:28 | Create | Trade Cart |
| 25:15 | Create | Villager (Male) ×5 |
| 25:52 | Build | Gate |
| 26:11 | Build | Town Center |
| 26:13 | Create | Villager (Male) ×2 |
| 26:22 | Create | Trade Cart |
| 27:00 | Create | Trade Cart |
| 27:12 | Create | Villager (Male) ×5 |
| 27:26 | Build | Lumber Camp |
| 27:28 | Research | Heavy Plow |
| 27:36 | Create | Villager (Male) |
| 27:41 | Create | Villager (Male) |
| 27:48 | Build | Farm |
| 27:51 | Build | Farm |
| 28:10 | Build | Farm |
| 28:12 | Build | Farm |
| 28:15 | Build | Farm |
| 28:18 | Create | Villager (Male) ×2 |
| 28:30 | Build | Farm |
| 28:39 | Create | Trade Cart |
| 28:50 | Build | Farm |
| 29:25 | Build | Gate |
| 29:43 | Build | Farm |
| 29:44 | Build | Farm |
| 29:46 | Build | Farm |
| 29:47 | Build | Farm |
| 29:48 | Build | Farm |
| 29:50 | Build | Farm |
| 30:00 | Create | Villager (Male) ×5 |
| 30:32 | Build | Monastery |
| 30:35 | Create | Villager (Male) |
| 30:48 | Build | Farm |
| 30:49 | Build | Farm |
| 30:52 | Build | Farm |
| 30:53 | Build | Farm |
| 30:56 | Create | Villager (Male) ×3 |
| 31:00 | Build | Farm |
| 31:11 | Build | Farm |
| 31:19 | Build | Farm |
| 31:22 | Create | Villager (Male) ×2 |
| 31:30 | Build | House |
| 31:31 | Build | House |
| 31:32 | Build | House |
| 32:01 | Build | Farm |
| 32:03 | Create | Monk |
| 32:17 | Research | Grand Trunk Road |
| 32:36 | Create | Villager (Male) ×3 |
| 32:59 | Create | Villager (Male) ×5 |
| 33:29 | Build | Barracks |
| 33:40 | Build | Farm |
| 33:41 | Build | Farm |
| 33:43 | Build | Farm |
| 33:45 | Build | Farm |
| 33:48 | Create | Villager (Male) ×5 |
| 33:52 | Create | Trade Cart ×2 |
| 33:58 | Build | Farm |
| 34:14 | Build | Farm |
| 34:17 | Build | Farm |
| 34:35 | Build | Farm |
| 34:39 | Build | Farm |
| 34:43 | Build | Farm |
| 35:17 | Research | Imperial Age |
| 35:24 | Build | Farm |
| 35:25 | Build | Farm |
| 35:27 | Build | Farm |
| 35:32 | Research | Wheelbarrow |
| 35:33 | Create | Villager (Male) |
| 36:04 | Build | Castle |
| 36:27 | Build | Stable |
| 36:29 | Build | Stable |
| 36:37 | Build | House |
| 36:37 | Build | House |
| 36:39 | Build | House |
| 36:39 | Build | House |
| 36:40 | Build | House |
| 36:41 | Build | House |
| 36:41 | Build | House |
| 36:42 | Build | House |
| 36:48 | Create | Villager (Male) ×5 |
| 36:49 | Research | Hand Cart |
Build order — Goeki
First 150 of 176 actions detected
| 0:51 | Build | House |
| 0:52 | Build | House |
| 0:53 | Build | House |
| 0:58 | Research | Loom |
| 0:58 | Create | Villager (Male) ×4 |
| 1:37 | Build | Palisade Wall |
| 3:28 | Build | Palisade Gate |
| 4:32 | Build | Donjon |
| 4:43 | Build | Palisade Wall |
| 5:05 | Create | Villager (Male) ×2 |
| 5:05 | Create | Villager (Male) ×2 |
| 6:20 | Create | Villager (Male) ×2 |
| 7:14 | Create | Villager (Male) ×2 |
| 7:14 | Create | Villager (Male) ×2 |
| 7:38 | Create | Villager (Male) |
| 7:38 | Create | Villager (Male) |
| 8:11 | Create | Villager (Male) ×2 |
| 8:11 | Create | Villager (Male) ×2 |
| 8:53 | Create | Villager (Male) ×2 |
| 8:53 | Create | Villager (Male) ×2 |
| 9:27 | Create | Villager (Male) ×2 |
| 10:31 | Create | Villager (Male) ×5 |
| 10:31 | Create | Villager (Male) ×5 |
| 11:16 | Build | House |
| 11:17 | Build | House |
| 11:18 | Build | House |
| 11:19 | Build | House |
| 12:14 | Create | Villager (Male) |
| 12:55 | Build | Mill |
| 13:54 | Build | Lumber Camp |
| 14:04 | Create | Villager (Male) ×5 |
| 14:20 | Build | House |
| 14:22 | Build | House |
| 14:24 | Build | House |
| 14:26 | Build | House |
| 14:28 | Build | House |
| 15:53 | Research | Feudal Age |
| 16:53 | Build | House |
| 17:21 | Build | House |
| 17:23 | Build | House |
| 17:24 | Build | House |
| 17:26 | Build | House |
| 17:34 | Create | Villager (Male) ×5 |
| 17:50 | Build | Mining Camp |
| 18:39 | Build | Barracks |
| 18:42 | Build | Barracks |
| 18:54 | Age | Feudal Age |
| 19:05 | Build | Stone Wall |
| 19:12 | Build | Gate |
| 19:45 | Build | Barracks |
| 20:29 | Create | Spearman |
| 20:29 | Create | Spearman |
| 20:30 | Create | Spearman |
| 22:18 | Build | Stone Wall |
| 22:45 | Build | Farm |
| 22:47 | Build | Farm |
| 22:48 | Build | Farm |
| 22:50 | Build | Farm |
| 22:52 | Build | Farm |
| 22:54 | Build | Farm |
| 22:55 | Build | Farm |
| 22:56 | Build | Farm |
| 23:00 | Create | Villager (Male) ×5 |
| 23:14 | Build | Market |
| 23:19 | Research | Double-Bit Axe |
| 24:10 | Build | Archery Range |
| 24:12 | Build | Archery Range |
| 24:17 | Research | Arson |
| 25:03 | Create | Skirmisher ×4 |
| 25:13 | Create | Spearman ×2 |
| 25:21 | Build | Farm |
| 25:22 | Build | Farm |
| 26:14 | Build | Stable |
| 26:16 | Build | Stable |
| 26:28 | Create | Skirmisher ×5 |
| 26:47 | Create | Scout Cavalry |
| 27:21 | Create | Scout Cavalry ×2 |
| 27:37 | Build | Blacksmith |
| 27:45 | Create | Villager (Male) |
| 28:51 | Research | Bloodlines |
| 29:05 | Build | Farm |
| 29:07 | Create | Villager (Male) ×2 |
| 29:19 | Build | Mining Camp |
| 29:24 | Create | Villager (Male) |
| 29:53 | Build | Stone Wall |
| 29:59 | Build | Stone Wall |
| 30:59 | Create | Archer ×2 |
| 31:04 | Create | Spearman ×5 |
| 31:43 | Create | Spearman ×5 |
| 32:11 | Create | Scout Cavalry ×3 |
| 32:29 | Create | Villager (Male) |
| 32:52 | Create | Spearman ×5 |
| 33:12 | Create | Villager (Male) ×3 |
| 34:41 | Research | Castle Age |
| 35:27 | Build | Stone Wall |
| 35:33 | Build | Gate |
| 36:28 | Create | Spearman ×5 |
| 36:57 | Build | Donjon |
| 37:01 | Build | Donjon |
| 37:21 | Age | Castle Age |
| 37:38 | Create | Spearman ×5 |
| 38:39 | Research | Wheelbarrow |
| 38:39 | Research | Town Watch |
| 38:46 | Create | Villager (Male) |
| 38:53 | Create | Villager (Male) |
| 39:38 | Build | Donjon |
| 39:53 | Create | Serjeant |
| 40:15 | Research | Husbandry |
| 40:19 | Create | Villager (Male) |
| 41:13 | Build | Donjon |
| 42:00 | Build | Farm |
| 42:02 | Build | Farm |
| 42:03 | Build | Farm |
| 42:16 | Build | Mining Camp |
| 42:22 | Research | Forging |
| 42:23 | Research | Scale Mail Armor |
| 42:26 | Research | Padded Archer Armor |
| 42:32 | Create | Villager (Male) |
| 42:52 | Research | Horse Collar |
| 43:07 | Build | Lumber Camp |
| 43:15 | Build | Lumber Camp |
| 43:22 | Build | Lumber Camp |
| 43:35 | Build | Lumber Camp |
| 43:42 | Research | Bow Saw |
| 44:36 | Build | Farm |
| 44:46 | Research | Stone Mining |
| 44:47 | Research | Gold Mining |
| 45:02 | Research | Scale Barding Armor |
| 45:25 | Research | Gambesons |
| 45:35 | Create | Villager (Male) ×2 |
| 46:13 | Build | Castle |
| 46:25 | Build | Farm |
| 46:27 | Build | Farm |
| 46:35 | Create | Villager (Male) ×5 |
| 47:55 | Build | Donjon |
| 47:57 | Build | Donjon |
| 48:33 | Build | Archery Range |
| 48:35 | Build | Archery Range |
| 48:37 | Build | Archery Range |
| 48:40 | Build | Archery Range |
| 48:49 | Research | Light Cavalry (upgrade) |
| 48:50 | Create | Scout Cavalry ×5 |
| 48:50 | Create | Scout Cavalry |
| 49:43 | Research | Elite Skirmisher (upgrade) |
| 50:05 | Build | Town Center |
| 50:18 | Research | Squires |
| 50:43 | Create | Skirmisher ×5 |
| 50:43 | Create | Skirmisher ×5 |
| 50:44 | Create | Skirmisher ×5 |
| 50:44 | Create | Skirmisher ×5 |
Build order — Elvis
First 150 of 378 actions detected
| 0:04 | Build | House |
| 0:05 | Create | Villager (Male) |
| 0:05 | Create | Villager (Male) |
| 0:05 | Create | Villager (Male) |
| 1:28 | Create | Villager (Male) |
| 1:45 | Create | Villager (Male) |
| 2:19 | Create | Villager (Male) |
| 2:31 | Build | House |
| 2:47 | Build | House |
| 3:38 | Build | Lumber Camp |
| 3:50 | Create | Villager (Male) |
| 3:50 | Create | Villager (Male) |
| 4:23 | Create | Villager (Male) |
| 4:23 | Create | Villager (Male) |
| 4:36 | Create | Villager (Male) |
| 5:30 | Create | Villager (Male) |
| 5:46 | Create | Villager (Male) |
| 5:46 | Create | Villager (Male) |
| 6:16 | Build | Mill |
| 7:03 | Create | Villager (Male) |
| 7:14 | Build | House |
| 7:19 | Build | House |
| 7:29 | Create | Villager (Male) |
| 7:48 | Build | Mill |
| 7:53 | Create | Villager (Male) |
| 7:53 | Create | Villager (Male) |
| 8:19 | Create | Villager (Male) |
| 8:33 | Create | Villager (Male) |
| 8:33 | Create | Villager (Male) |
| 8:45 | Research | Feudal Age |
| 9:25 | Build | Barracks |
| 9:31 | Create | Villager (Male) |
| 10:27 | Build | Mining Camp |
| 10:36 | Create | Militia |
| 10:37 | Create | Militia |
| 10:39 | Create | Militia |
| 10:40 | Create | Militia |
| 11:00 | Age | Feudal Age |
| 11:16 | Research | Horse Collar |
| 11:21 | Research | Double-Bit Axe |
| 11:55 | Create | Villager (Male) |
| 11:56 | Create | Villager (Male) |
| 11:56 | Create | Villager (Male) |
| 11:56 | Create | Villager (Male) |
| 11:57 | Create | Villager (Male) |
| 12:05 | Build | Farm |
| 12:07 | Build | Farm |
| 13:01 | Build | Lumber Camp |
| 13:05 | Create | Villager (Male) |
| 13:20 | Build | House |
| 13:23 | Build | House |
| 13:52 | Create | Villager (Male) |
| 14:10 | Build | Farm |
| 14:11 | Build | Farm |
| 14:28 | Build | Farm |
| 15:00 | Create | Villager (Male) |
| 15:01 | Create | Villager (Male) |
| 15:20 | Build | Blacksmith |
| 15:37 | Build | Farm |
| 15:41 | Build | Farm |
| 16:13 | Build | Farm |
| 16:17 | Build | Farm |
| 16:23 | Create | Villager (Male) |
| 16:23 | Create | Villager (Male) |
| 16:24 | Create | Villager (Male) |
| 16:26 | Create | Villager (Male) |
| 16:34 | Build | House |
| 16:37 | Build | House |
| 17:03 | Build | Market |
| 17:28 | Build | Farm |
| 17:29 | Build | Farm |
| 17:41 | Build | Farm |
| 17:50 | Build | Farm |
| 17:57 | Research | Castle Age |
| 18:02 | Build | Farm |
| 18:24 | Build | Farm |
| 18:57 | Build | Archery Range |
| 18:59 | Build | Archery Range |
| 19:09 | Research | Man-at-Arms (upgrade) |
| 19:15 | Research | Fletching |
| 19:25 | Research | Wheelbarrow |
| 19:39 | Build | House |
| 19:39 | Build | House |
| 19:41 | Build | House |
| 19:42 | Build | House |
| 19:59 | Research | Padded Archer Armor |
| 20:12 | Build | Archery Range |
| 20:29 | Create | Archer |
| 20:29 | Create | Archer |
| 20:43 | Age | Castle Age |
| 20:52 | Build | Siege Workshop |
| 21:00 | Research | Bow Saw |
| 21:09 | Create | Villager (Male) |
| 21:09 | Create | Villager (Male) |
| 21:22 | Build | Town Center |
| 21:46 | Create | Mangonel |
| 22:00 | Create | Spearman |
| 22:00 | Create | Spearman |
| 22:01 | Create | Spearman |
| 22:39 | Build | Town Center |
| 23:01 | Research | Crossbowman (upgrade) |
| 23:02 | Create | Archer |
| 23:02 | Create | Archer |
| 24:33 | Create | Villager (Male) |
| 24:33 | Create | Villager (Male) |
| 24:34 | Create | Villager (Male) |
| 24:34 | Create | Villager (Male) |
| 24:36 | Create | Villager (Male) |
| 24:36 | Create | Villager (Male) |
| 24:36 | Create | Villager (Male) |
| 24:37 | Create | Villager (Male) |
| 25:02 | Create | Villager (Male) |
| 25:02 | Create | Villager (Male) |
| 25:02 | Create | Villager (Male) |
| 25:03 | Create | Villager (Male) |
| 25:03 | Create | Villager (Male) |
| 25:04 | Create | Villager (Male) |
| 25:04 | Create | Villager (Male) |
| 25:12 | Build | Farm |
| 25:13 | Build | Farm |
| 25:14 | Build | Farm |
| 25:15 | Build | Farm |
| 25:18 | Create | Villager (Male) |
| 25:21 | Create | Villager (Male) |
| 25:22 | Create | Villager (Male) |
| 25:22 | Create | Villager (Male) |
| 25:33 | Research | Thumb Ring |
| 25:34 | Create | Archer |
| 25:34 | Create | Archer |
| 26:32 | Create | Villager (Male) |
| 26:32 | Create | Villager (Male) |
| 26:32 | Create | Villager (Male) |
| 26:33 | Create | Villager (Male) |
| 26:33 | Create | Villager (Male) |
| 26:33 | Create | Villager (Male) |
| 26:33 | Create | Villager (Male) |
| 26:34 | Create | Villager (Male) |
| 26:34 | Create | Villager (Male) |
| 26:34 | Create | Villager (Male) |
| 26:48 | Build | Mining Camp |
| 26:52 | Create | Villager (Male) |
| 26:53 | Create | Villager (Male) |
| 26:53 | Create | Villager (Male) |
| 27:33 | Create | Mangonel |
| 27:41 | Create | Archer |
| 27:42 | Create | Archer |
| 27:42 | Create | Archer |
| 27:42 | Create | Archer |
| 27:43 | Create | Archer |
| 27:56 | Create | Villager (Male) |
Build order — Bardagger
First 150 of 458 actions detected
| 0:03 | Build | House |
| 0:05 | Build | House |
| 0:05 | Create | Villager (Male) |
| 0:06 | Create | Villager (Male) |
| 0:06 | Create | Villager (Male) |
| 0:06 | Create | Villager (Male) |
| 1:42 | Create | Villager (Male) |
| 1:42 | Create | Villager (Male) |
| 2:03 | Create | Villager (Male) |
| 2:45 | Create | Villager (Male) |
| 2:45 | Create | Villager (Male) |
| 2:56 | Create | Villager (Male) |
| 3:15 | Build | Mill |
| 4:13 | Create | Villager (Male) |
| 4:13 | Create | Villager (Male) |
| 4:13 | Create | Villager (Male) |
| 4:36 | Create | Villager (Male) |
| 4:36 | Create | Villager (Male) |
| 4:44 | Build | Lumber Camp |
| 5:09 | Create | Villager (Male) |
| 5:09 | Create | Villager (Male) |
| 5:21 | Create | Villager (Male) |
| 5:56 | Build | House |
| 6:14 | Build | House |
| 6:15 | Create | Villager (Male) |
| 6:15 | Create | Villager (Male) |
| 6:17 | Create | Villager (Male) |
| 6:30 | Build | House |
| 7:16 | Create | Villager (Male) |
| 7:16 | Create | Villager (Male) |
| 7:16 | Create | Villager (Male) |
| 7:53 | Create | Villager (Male) |
| 7:53 | Create | Villager (Male) |
| 8:07 | Build | Farm |
| 8:22 | Build | Farm |
| 8:34 | Create | Villager (Male) |
| 8:35 | Create | Villager (Male) |
| 9:12 | Create | Villager (Male) |
| 9:44 | Create | Villager (Male) |
| 10:27 | Create | Villager (Male) |
| 11:09 | Build | Mining Camp |
| 11:16 | Research | Feudal Age |
| 11:23 | Build | Mill |
| 11:28 | Create | Villager (Male) |
| 11:40 | Create | Villager (Male) |
| 11:42 | Research | Feudal Age |
| 11:43 | Create | Villager (Male) |
| 11:43 | Create | Villager (Male) |
| 11:44 | Create | Villager (Male) |
| 11:52 | Build | Mining Camp |
| 14:08 | Build | Farm |
| 14:10 | Build | Farm |
| 14:12 | Build | Farm |
| 14:13 | Create | Villager (Male) |
| 14:13 | Create | Villager (Male) |
| 14:16 | Build | Farm |
| 14:18 | Build | Farm |
| 14:21 | Build | Farm |
| 14:35 | Create | Villager (Male) |
| 14:35 | Create | Villager (Male) |
| 14:49 | Age | Feudal Age |
| 14:50 | Research | Horse Collar |
| 14:57 | Build | House |
| 14:59 | Build | House |
| 15:00 | Build | House |
| 15:11 | Research | Wheelbarrow |
| 15:12 | Create | Villager (Male) |
| 15:12 | Create | Villager (Male) |
| 15:12 | Create | Villager (Male) |
| 15:19 | Build | Blacksmith |
| 15:30 | Build | Market |
| 15:38 | Research | Double-Bit Axe |
| 15:40 | Create | Villager (Male) |
| 15:41 | Create | Villager (Male) |
| 15:51 | Build | Farm |
| 16:05 | Build | House |
| 16:06 | Build | House |
| 16:29 | Build | Archery Range |
| 16:34 | Build | Farm |
| 16:44 | Research | Castle Age |
| 16:46 | Create | Villager (Male) |
| 16:46 | Create | Villager (Male) |
| 16:47 | Create | Villager (Male) |
| 16:47 | Create | Villager (Male) |
| 16:54 | Build | Farm |
| 17:05 | Build | Mining Camp |
| 17:39 | Build | Farm |
| 17:39 | Build | Farm |
| 17:40 | Build | Farm |
| 17:41 | Build | Farm |
| 18:05 | Build | Stable |
| 18:19 | Build | Mining Camp |
| 18:28 | Research | Gold Mining |
| 18:29 | Research | Stone Mining |
| 19:26 | Age | Castle Age |
| 19:29 | Create | Battle Elephant |
| 19:29 | Create | Battle Elephant |
| 19:56 | Build | Monastery |
| 20:06 | Build | Town Center |
| 20:24 | Create | Villager (Male) |
| 20:24 | Create | Villager (Male) |
| 20:24 | Create | Villager (Male) |
| 20:25 | Create | Villager (Male) |
| 20:25 | Create | Villager (Male) |
| 20:27 | Build | Farm |
| 20:52 | Create | Monk |
| 21:53 | Build | Farm |
| 21:55 | Build | Farm |
| 22:13 | Build | Farm |
| 22:14 | Create | Villager (Male) |
| 22:15 | Create | Villager (Male) |
| 22:15 | Create | Villager (Male) |
| 22:15 | Create | Villager (Male) |
| 22:16 | Create | Villager (Male) |
| 22:16 | Create | Villager (Male) |
| 22:16 | Create | Villager (Male) |
| 22:16 | Create | Villager (Male) |
| 22:20 | Create | Villager (Male) |
| 22:20 | Create | Villager (Male) |
| 22:20 | Create | Villager (Male) |
| 22:20 | Create | Villager (Male) |
| 22:21 | Create | Villager (Male) |
| 22:21 | Create | Villager (Male) |
| 22:21 | Create | Villager (Male) |
| 22:32 | Build | Farm |
| 22:56 | Build | Farm |
| 23:03 | Create | Villager (Male) |
| 23:04 | Create | Villager (Male) |
| 23:04 | Create | Villager (Male) |
| 23:18 | Research | Husbandry |
| 23:19 | Research | Bloodlines |
| 23:22 | Build | Farm |
| 23:32 | Build | Siege Workshop |
| 23:38 | Create | Villager (Male) |
| 23:38 | Create | Villager (Male) |
| 23:39 | Create | Villager (Male) |
| 23:39 | Research | Wheelbarrow |
| 23:40 | Create | Villager (Male) |
| 24:16 | Build | Farm |
| 24:18 | Build | Farm |
| 24:26 | Create | Mangonel |
| 24:26 | Create | Mangonel |
| 24:27 | Create | Mangonel |
| 24:35 | Create | Battle Elephant |
| 24:35 | Create | Battle Elephant |
| 24:35 | Create | Battle Elephant |
| 24:47 | Build | Farm |
| 24:49 | Create | Villager (Male) |
| 24:49 | Create | Villager (Male) |
| 24:55 | Build | Mill |
Build order — Karamba
First 150 of 409 actions detected
| 0:55 | Create | Villager (Male) |
| 1:28 | Create | Villager (Male) |
| 2:10 | Create | Villager (Male) |
| 2:11 | Create | Villager (Male) |
| 2:31 | Create | Villager (Male) |
| 2:58 | Build | Lumber Camp |
| 3:10 | Create | Villager (Male) |
| 3:55 | Create | Villager (Male) |
| 3:56 | Create | Villager (Male) |
| 4:27 | Create | Villager (Male) |
| 4:28 | Create | Villager (Male) |
| 4:50 | Build | House |
| 5:08 | Create | Villager (Male) |
| 5:55 | Create | Villager (Male) |
| 6:01 | Build | Mill |
| 6:09 | Build | House |
| 6:41 | Create | Villager (Male) |
| 7:03 | Create | Villager (Male) |
| 7:06 | Create | Villager (Male) |
| 8:02 | Create | Villager (Male) |
| 8:03 | Create | Villager (Male) |
| 8:09 | Create | Villager (Male) |
| 8:29 | Build | Mining Camp |
| 8:40 | Build | Mining Camp |
| 8:46 | Build | House |
| 9:13 | Research | Feudal Age |
| 10:49 | Build | Barracks |
| 11:30 | Age | Feudal Age |
| 11:40 | Research | Wheelbarrow |
| 11:47 | Research | Double-Bit Axe |
| 11:54 | Create | Militia |
| 11:54 | Create | Militia |
| 12:16 | Research | Gold Mining |
| 12:22 | Research | Horse Collar |
| 12:27 | Build | Farm |
| 12:47 | Build | Mill |
| 13:02 | Create | Villager (Male) |
| 13:03 | Create | Villager (Male) |
| 13:03 | Create | Villager (Male) |
| 13:03 | Create | Villager (Male) |
| 13:25 | Build | House |
| 14:18 | Build | Stable |
| 14:27 | Create | Villager (Male) |
| 14:34 | Build | Farm |
| 14:35 | Build | Farm |
| 15:40 | Build | Market |
| 15:58 | Create | Scout Cavalry |
| 15:58 | Create | Scout Cavalry |
| 16:14 | Build | Mining Camp |
| 16:42 | Research | Castle Age |
| 16:55 | Build | Farm |
| 16:57 | Build | Farm |
| 16:59 | Build | Farm |
| 17:05 | Build | Farm |
| 17:37 | Build | Lumber Camp |
| 19:13 | Create | Trade Cart |
| 19:13 | Create | Trade Cart |
| 19:22 | Age | Castle Age |
| 19:28 | Research | Hand Cart |
| 19:32 | Research | Bow Saw |
| 19:50 | Build | Farm |
| 19:51 | Build | Farm |
| 20:17 | Build | Castle |
| 20:26 | Build | House |
| 20:27 | Build | House |
| 20:28 | Build | House |
| 20:29 | Build | House |
| 21:21 | Build | Town Center |
| 21:28 | Create | Villager (Male) |
| 21:28 | Create | Villager (Male) |
| 21:28 | Create | Villager (Male) |
| 21:28 | Create | Villager (Male) |
| 22:22 | Create | Villager (Male) |
| 22:23 | Create | Villager (Male) |
| 22:44 | Create | Chu Ko Nu |
| 22:45 | Create | Chu Ko Nu |
| 23:17 | Create | Villager (Male) |
| 23:17 | Create | Villager (Male) |
| 23:17 | Create | Villager (Male) |
| 23:17 | Create | Villager (Male) |
| 23:50 | Create | Chu Ko Nu |
| 23:50 | Create | Chu Ko Nu |
| 23:50 | Create | Chu Ko Nu |
| 24:08 | Build | Blacksmith |
| 24:21 | Create | Villager (Male) |
| 24:22 | Create | Villager (Male) |
| 24:50 | Build | Town Center |
| 25:04 | Create | Villager (Male) |
| 25:04 | Create | Villager (Male) |
| 25:07 | Create | Villager (Male) |
| 25:08 | Create | Villager (Male) |
| 25:08 | Create | Villager (Male) |
| 25:08 | Create | Villager (Male) |
| 25:10 | Create | Villager (Male) |
| 25:10 | Create | Villager (Male) |
| 25:10 | Create | Villager (Male) |
| 25:13 | Create | Villager (Male) |
| 25:13 | Create | Villager (Male) |
| 25:13 | Create | Villager (Male) |
| 25:18 | Create | Villager (Male) |
| 25:18 | Create | Villager (Male) |
| 25:32 | Create | Villager (Male) |
| 25:49 | Build | Siege Workshop |
| 25:55 | Build | Siege Workshop |
| 26:01 | Build | Siege Workshop |
| 26:08 | Create | Chu Ko Nu |
| 26:09 | Create | Chu Ko Nu |
| 26:26 | Build | University |
| 26:33 | Create | Villager (Male) |
| 26:33 | Create | Villager (Male) |
| 26:53 | Build | Siege Workshop |
| 27:08 | Research | Forging |
| 27:30 | Create | Villager (Male) |
| 27:36 | Create | Villager (Male) |
| 27:36 | Create | Villager (Male) |
| 27:37 | Create | Villager (Male) |
| 27:37 | Create | Villager (Male) |
| 27:40 | Create | Villager (Male) |
| 27:40 | Create | Villager (Male) |
| 27:40 | Create | Villager (Male) |
| 27:54 | Build | Monastery |
| 28:02 | Build | Mining Camp |
| 28:12 | Create | Villager (Male) |
| 28:12 | Create | Villager (Male) |
| 28:20 | Create | Villager (Male) |
| 28:20 | Create | Villager (Male) |
| 28:21 | Create | Villager (Male) |
| 28:28 | Create | Villager (Male) |
| 28:28 | Create | Villager (Male) |
| 28:29 | Create | Villager (Male) |
| 28:34 | Build | Farm |
| 28:36 | Build | Farm |
| 28:37 | Build | Farm |
| 28:38 | Build | Farm |
| 28:40 | Build | Farm |
| 28:52 | Build | Farm |
| 28:53 | Build | Farm |
| 28:56 | Build | Farm |
| 28:57 | Build | Farm |
| 29:10 | Create | Villager (Male) |
| 29:10 | Create | Villager (Male) |
| 29:10 | Create | Villager (Male) |
| 29:11 | Create | Villager (Male) |
| 29:23 | Create | Iron Pagoda |
| 29:23 | Create | Iron Pagoda |
| 29:23 | Create | Iron Pagoda |
| 29:39 | Build | Farm |
| 29:43 | Build | Farm |
| 29:48 | Build | Farm |
| 30:07 | Build | Castle |
Build order — KingYankee1
First 150 of 551 actions detected
| 0:03 | Build | House |
| 0:04 | Build | House |
| 0:08 | Create | Villager (Male) |
| 0:09 | Create | Villager (Male) |
| 0:12 | Create | Villager (Male) |
| 0:32 | Create | Villager (Male) |
| 1:09 | Build | Lumber Camp |
| 1:46 | Create | Villager (Male) |
| 2:14 | Research | Loom |
| 2:26 | Create | Villager (Male) |
| 2:57 | Create | Villager (Male) |
| 3:19 | Create | Villager (Male) |
| 3:53 | Create | Villager (Male) |
| 4:12 | Create | Villager (Male) |
| 4:32 | Create | Villager (Male) |
| 4:50 | Create | Villager (Male) |
| 5:14 | Build | House |
| 5:42 | Create | Villager (Male) |
| 6:18 | Create | Villager (Male) |
| 6:45 | Create | Villager (Male) |
| 7:06 | Create | Villager (Male) |
| 7:23 | Build | Mill |
| 7:33 | Create | Villager (Male) |
| 7:45 | Build | House |
| 8:29 | Create | Villager (Male) |
| 8:46 | Build | Farm |
| 8:47 | Build | Farm |
| 8:48 | Build | Farm |
| 8:59 | Research | Feudal Age |
| 9:27 | Build | Mining Camp |
| 11:09 | Age | Feudal Age |
| 11:10 | Research | Wheelbarrow |
| 11:17 | Research | Double-Bit Axe |
| 11:24 | Research | Horse Collar |
| 11:39 | Create | Villager (Male) |
| 12:08 | Build | Farm |
| 12:10 | Build | Farm |
| 12:19 | Create | Villager (Male) |
| 12:27 | Build | House |
| 12:33 | Create | Villager (Male) |
| 13:18 | Create | Villager (Male) |
| 13:51 | Create | Villager (Male) |
| 14:11 | Build | Market |
| 14:23 | Create | Villager (Male) |
| 14:37 | Build | Blacksmith |
| 15:02 | Create | Villager (Male) |
| 15:11 | Build | Mining Camp |
| 15:19 | Research | Castle Age |
| 16:11 | Build | House |
| 16:46 | Research | Stone Mining |
| 17:50 | Research | Gold Mining |
| 18:07 | Age | Castle Age |
| 18:11 | Research | Hand Cart |
| 18:15 | Research | Bow Saw |
| 18:23 | Build | Town Center |
| 18:42 | Build | Town Center |
| 18:52 | Create | Villager (Male) |
| 18:59 | Build | Farm |
| 19:19 | Create | Villager (Male) |
| 19:27 | Create | Villager (Male) |
| 19:44 | Create | Villager (Male) |
| 19:44 | Create | Villager (Male) |
| 20:04 | Build | Town Center |
| 20:09 | Create | Villager (Male) |
| 20:20 | Build | Farm |
| 20:25 | Create | Villager (Male) |
| 20:25 | Create | Villager (Male) |
| 20:32 | Create | Villager (Male) |
| 20:58 | Create | Villager (Male) |
| 20:59 | Create | Villager (Male) |
| 21:11 | Build | Farm |
| 21:12 | Build | Farm |
| 21:26 | Build | Farm |
| 21:28 | Build | Farm |
| 21:31 | Create | Villager (Male) |
| 21:45 | Build | Monastery |
| 21:48 | Create | Villager (Male) |
| 22:10 | Create | Villager (Male) |
| 22:10 | Create | Villager (Male) |
| 22:11 | Create | Villager (Male) |
| 22:11 | Create | Villager (Male) |
| 22:19 | Build | Farm |
| 22:20 | Build | Farm |
| 22:43 | Create | Monk |
| 22:49 | Create | Villager (Male) |
| 22:49 | Create | Villager (Male) |
| 22:50 | Create | Villager (Male) |
| 22:50 | Create | Villager (Male) |
| 23:00 | Build | Farm |
| 23:07 | Research | Heavy Plow |
| 23:16 | Create | Villager (Male) |
| 23:17 | Create | Villager (Male) |
| 23:18 | Create | Villager (Male) |
| 23:24 | Build | House |
| 23:25 | Build | House |
| 23:35 | Build | Castle |
| 23:48 | Create | Villager (Male) |
| 23:48 | Create | Villager (Male) |
| 23:49 | Create | Villager (Male) |
| 23:49 | Create | Villager (Male) |
| 23:54 | Create | Villager (Male) |
| 24:06 | Create | Villager (Male) |
| 24:06 | Create | Villager (Male) |
| 24:06 | Create | Villager (Male) |
| 24:06 | Create | Villager (Male) |
| 24:13 | Build | Farm |
| 24:34 | Build | Town Center |
| 24:39 | Create | Villager (Male) |
| 24:40 | Create | Villager (Male) |
| 24:40 | Create | Villager (Male) |
| 24:40 | Create | Villager (Male) |
| 24:45 | Build | House |
| 24:46 | Build | House |
| 24:58 | Create | Villager (Male) |
| 24:58 | Create | Villager (Male) |
| 24:59 | Create | Villager (Male) |
| 24:59 | Create | Villager (Male) |
| 25:11 | Build | Farm |
| 25:13 | Build | Farm |
| 25:26 | Build | Lumber Camp |
| 25:32 | Create | Villager (Male) |
| 25:32 | Create | Villager (Male) |
| 25:32 | Create | Villager (Male) |
| 25:32 | Create | Villager (Male) |
| 25:44 | Create | Villager (Male) |
| 25:44 | Create | Villager (Male) |
| 25:45 | Create | Villager (Male) |
| 25:50 | Build | House |
| 25:51 | Build | House |
| 26:07 | Research | Caravan |
| 26:15 | Create | Villager (Male) |
| 26:16 | Create | Villager (Male) |
| 26:17 | Create | Villager (Male) |
| 26:39 | Build | Farm |
| 26:40 | Build | Farm |
| 26:41 | Build | Farm |
| 26:43 | Build | Farm |
| 26:44 | Build | Farm |
| 26:48 | Build | Farm |
| 26:50 | Create | Villager (Male) |
| 26:51 | Create | Villager (Male) |
| 26:51 | Create | Villager (Male) |
| 26:51 | Create | Villager (Male) |
| 26:53 | Build | House |
| 26:54 | Build | House |
| 27:04 | Create | Trade Cart |
| 27:05 | Create | Trade Cart |
| 27:06 | Create | Trade Cart |
| 27:15 | Create | Villager (Male) |
| 27:16 | Create | Villager (Male) |
Build order — SH_208
First 150 of 284 actions detected
| 0:01 | Create | Villager (Male) |
| 0:02 | Create | Villager (Male) |
| 0:02 | Create | Villager (Male) |
| 0:02 | Create | Villager (Male) |
| 0:04 | Build | House |
| 0:05 | Build | House |
| 2:13 | Create | Villager (Male) |
| 2:13 | Create | Villager (Male) |
| 2:53 | Create | Villager (Male) |
| 2:54 | Create | Villager (Male) |
| 3:57 | Create | Villager (Male) |
| 4:17 | Build | Mill |
| 4:41 | Create | Villager (Male) |
| 4:42 | Create | Villager (Male) |
| 4:42 | Create | Villager (Male) |
| 4:52 | Build | Lumber Camp |
| 5:27 | Build | Palisade Wall |
| 5:31 | Build | Palisade Wall |
| 5:33 | Build | Palisade Wall |
| 5:38 | Build | House |
| 6:12 | Create | Villager (Male) |
| 7:00 | Create | Villager (Male) |
| 7:00 | Create | Villager (Male) |
| 7:00 | Create | Villager (Male) |
| 7:10 | Build | Palisade Wall |
| 7:22 | Build | House |
| 7:23 | Create | Villager (Male) |
| 7:23 | Create | Villager (Male) |
| 7:46 | Build | Palisade Wall |
| 7:51 | Build | Palisade Wall |
| 7:55 | Build | Palisade Wall |
| 8:40 | Build | Palisade Wall |
| 8:42 | Build | Palisade Wall |
| 8:54 | Create | Villager (Male) |
| 8:55 | Create | Villager (Male) |
| 9:10 | Build | Barracks |
| 9:35 | Create | Militia |
| 9:35 | Create | Militia |
| 9:35 | Create | Militia |
| 9:36 | Create | Militia |
| 9:36 | Create | Militia |
| 10:14 | Research | Feudal Age |
| 10:24 | Build | Mining Camp |
| 10:55 | Build | Farm |
| 10:59 | Create | Villager (Male) |
| 11:16 | Build | House |
| 11:44 | Build | Farm |
| 12:24 | Age | Feudal Age |
| 12:38 | Create | Villager (Male) |
| 12:38 | Create | Villager (Male) |
| 12:56 | Build | Stable |
| 13:08 | Build | Farm |
| 13:17 | Research | Double-Bit Axe |
| 13:46 | Build | Farm |
| 14:11 | Create | Villager (Male) |
| 14:11 | Create | Villager (Male) |
| 14:12 | Create | Villager (Male) |
| 14:19 | Build | House |
| 14:49 | Build | Farm |
| 14:50 | Create | Villager (Male) |
| 15:06 | Build | Mining Camp |
| 15:18 | Create | Scout Cavalry |
| 15:18 | Create | Scout Cavalry |
| 15:18 | Create | Scout Cavalry |
| 15:29 | Create | Villager (Male) |
| 15:33 | Build | Farm |
| 15:59 | Build | Gate |
| 16:32 | Create | Villager (Male) |
| 16:32 | Create | Villager (Male) |
| 16:38 | Build | House |
| 16:43 | Create | Villager (Male) |
| 16:52 | Research | Bloodlines |
| 17:04 | Create | Villager (Male) |
| 17:12 | Build | Farm |
| 17:14 | Build | Farm |
| 17:25 | Build | Market |
| 17:46 | Build | Stone Wall |
| 17:49 | Build | Stone Wall |
| 17:52 | Build | Gate |
| 18:05 | Build | Farm |
| 18:05 | Build | Farm |
| 18:07 | Create | Villager (Male) |
| 18:07 | Create | Villager (Male) |
| 18:34 | Build | Farm |
| 18:39 | Build | Farm |
| 18:49 | Research | Horse Collar |
| 19:24 | Create | Scout Cavalry |
| 19:24 | Create | Scout Cavalry |
| 19:24 | Create | Scout Cavalry |
| 19:25 | Create | Scout Cavalry |
| 19:32 | Build | House |
| 19:33 | Build | House |
| 19:34 | Build | House |
| 20:25 | Create | Scout Cavalry |
| 20:29 | Build | Stable |
| 20:46 | Create | Villager (Male) |
| 20:46 | Create | Villager (Male) |
| 20:46 | Create | Villager (Male) |
| 20:49 | Create | Villager (Male) |
| 21:25 | Build | Archery Range |
| 22:31 | Create | Skirmisher |
| 22:31 | Create | Skirmisher |
| 22:34 | Create | Archer |
| 22:34 | Create | Archer |
| 22:34 | Create | Archer |
| 22:35 | Create | Archer |
| 22:35 | Create | Archer |
| 22:35 | Create | Archer |
| 22:37 | Create | Spearman |
| 22:38 | Create | Spearman |
| 22:38 | Create | Spearman |
| 24:23 | Create | Villager (Male) |
| 24:23 | Create | Villager (Male) |
| 24:26 | Research | Castle Age |
| 24:37 | Build | Mining Camp |
| 24:40 | Create | Villager (Male) |
| 24:40 | Create | Villager (Male) |
| 24:40 | Create | Villager (Male) |
| 24:40 | Create | Villager (Male) |
| 24:41 | Create | Villager (Male) |
| 25:04 | Build | Watch Tower |
| 26:25 | Research | Gold Mining |
| 26:34 | Build | Lumber Camp |
| 27:06 | Age | Castle Age |
| 27:11 | Research | Husbandry |
| 27:27 | Build | Town Center |
| 27:52 | Build | Castle |
| 28:23 | Create | Scout Cavalry |
| 28:23 | Create | Scout Cavalry |
| 28:25 | Create | Knight |
| 28:25 | Create | Knight |
| 29:55 | Build | University |
| 30:01 | Build | Monastery |
| 30:07 | Create | Knight |
| 30:08 | Create | Knight |
| 30:08 | Create | Knight |
| 30:23 | Build | Blacksmith |
| 30:28 | Create | Villager (Male) |
| 30:29 | Create | Villager (Male) |
| 30:29 | Create | Villager (Male) |
| 30:30 | Create | Villager (Male) |
| 30:30 | Create | Villager (Male) |
| 30:33 | Create | Villager (Male) |
| 30:34 | Create | Villager (Male) |
| 30:34 | Create | Villager (Male) |
| 30:34 | Create | Villager (Male) |
| 30:34 | Create | Villager (Male) |
| 30:38 | Research | Wheelbarrow |
| 30:40 | Research | Town Watch |
| 32:27 | Create | Villager (Male) |
Build order — GEvans7
First 150 of 348 actions detected
| 0:02 | Research | Loom |
| 0:02 | Create | Villager (Male) |
| 0:02 | Create | Villager (Male) |
| 0:03 | Create | Villager (Male) |
| 0:03 | Create | Villager (Male) |
| 0:03 | Create | Villager (Male) |
| 0:23 | Build | Palisade Wall |
| 0:57 | Build | House |
| 1:24 | Build | Palisade Wall |
| 1:44 | Build | House |
| 1:47 | Build | House |
| 1:51 | Build | House |
| 3:37 | Create | Villager (Male) |
| 3:37 | Create | Villager (Male) |
| 4:11 | Create | Villager (Male) |
| 4:41 | Build | Lumber Camp |
| 4:44 | Create | Villager (Male) |
| 4:44 | Create | Villager (Male) |
| 5:14 | Create | Villager (Male) |
| 5:15 | Create | Villager (Male) |
| 5:33 | Create | Villager (Male) |
| 5:33 | Create | Villager (Male) |
| 6:14 | Create | Villager (Male) |
| 6:15 | Create | Villager (Male) |
| 6:34 | Create | Villager (Male) |
| 6:34 | Create | Villager (Male) |
| 6:59 | Build | Mill |
| 7:02 | Create | Villager (Male) |
| 7:32 | Create | Villager (Male) |
| 7:33 | Create | Villager (Male) |
| 7:33 | Create | Villager (Male) |
| 7:50 | Build | Mining Camp |
| 8:01 | Create | Villager (Male) |
| 8:33 | Create | Villager (Male) |
| 8:40 | Create | Villager (Male) |
| 9:07 | Build | Farm |
| 9:09 | Create | Villager (Male) |
| 9:09 | Create | Villager (Male) |
| 9:16 | Build | House |
| 9:17 | Build | House |
| 9:29 | Build | Farm |
| 9:40 | Build | Farm |
| 9:52 | Create | Villager (Male) |
| 10:27 | Build | House |
| 10:30 | Build | House |
| 10:32 | Build | House |
| 10:33 | Build | House |
| 10:39 | Create | Villager (Male) |
| 11:38 | Build | Farm |
| 11:43 | Build | Farm |
| 11:48 | Build | Farm |
| 11:50 | Create | Villager (Male) |
| 11:55 | Create | Villager (Male) |
| 12:31 | Create | Villager (Male) |
| 12:45 | Build | Barracks |
| 13:04 | Research | Feudal Age |
| 14:03 | Build | Barracks |
| 15:25 | Build | Stone Wall |
| 16:13 | Research | Man-at-Arms (upgrade) |
| 16:15 | Research | Arson |
| 16:19 | Research | Double-Bit Axe |
| 16:24 | Build | Farm |
| 16:33 | Research | Gold Mining |
| 16:49 | Create | Militia |
| 16:50 | Create | Militia |
| 16:50 | Create | Militia |
| 16:53 | Create | Militia |
| 16:53 | Create | Militia |
| 16:55 | Create | Militia |
| 17:24 | Build | Stone Wall |
| 17:39 | Build | Gate |
| 17:58 | Research | Horse Collar |
| 18:07 | Build | Farm |
| 18:10 | Build | Farm |
| 18:18 | Build | Farm |
| 18:36 | Build | Market |
| 18:50 | Build | Blacksmith |
| 19:04 | Build | Market |
| 19:18 | Create | Militia |
| 19:18 | Create | Militia |
| 19:19 | Create | Militia |
| 19:19 | Create | Militia |
| 19:19 | Create | Militia |
| 19:21 | Create | Militia |
| 19:22 | Create | Militia |
| 19:45 | Research | Castle Age |
| 19:52 | Build | Palisade Gate |
| 20:01 | Research | Stone Mining |
| 20:08 | Create | Villager (Male) |
| 20:08 | Create | Villager (Male) |
| 20:57 | Build | Stable |
| 21:02 | Build | Stable |
| 21:07 | Research | Forging |
| 21:54 | Create | Militia |
| 22:02 | Research | Scale Mail Armor |
| 22:04 | Research | Scale Barding Armor |
| 23:03 | Build | Town Center |
| 23:08 | Create | Villager (Male) |
| 23:08 | Create | Villager (Male) |
| 23:16 | Create | Villager (Male) |
| 23:16 | Create | Villager (Male) |
| 23:21 | Research | Bloodlines |
| 23:22 | Research | Husbandry |
| 23:42 | Build | Farm |
| 24:20 | Build | Farm |
| 24:23 | Create | Villager (Male) |
| 24:27 | Research | Bow Saw |
| 24:33 | Research | Gold Shaft Mining |
| 24:46 | Build | Mining Camp |
| 24:50 | Create | Villager (Male) |
| 24:50 | Create | Villager (Male) |
| 24:55 | Create | Villager (Male) |
| 24:55 | Create | Villager (Male) |
| 25:12 | Build | Farm |
| 25:35 | Research | Heavy Plow |
| 25:44 | Build | Farm |
| 25:48 | Build | Farm |
| 25:52 | Create | Villager (Male) |
| 25:53 | Create | Villager (Male) |
| 26:29 | Research | Stone Shaft Mining |
| 26:47 | Build | Lumber Camp |
| 26:58 | Create | Villager (Male) |
| 26:58 | Create | Villager (Male) |
| 27:36 | Build | Town Center |
| 27:41 | Research | Wheelbarrow |
| 27:47 | Build | House |
| 27:48 | Build | House |
| 28:11 | Research | Caravan |
| 28:13 | Create | Trade Cart |
| 28:13 | Create | Trade Cart |
| 28:42 | Create | Villager (Male) |
| 28:42 | Create | Villager (Male) |
| 28:42 | Create | Villager (Male) |
| 28:46 | Create | Villager (Male) |
| 29:07 | Research | Squires |
| 29:14 | Build | House |
| 29:16 | Build | House |
| 29:22 | Build | House |
| 29:29 | Build | Farm |
| 29:34 | Build | Farm |
| 29:48 | Create | Villager (Male) |
| 29:49 | Create | Villager (Male) |
| 29:51 | Create | Villager (Male) |
| 29:51 | Create | Villager (Male) |
| 30:02 | Create | Trade Cart |
| 30:02 | Create | Trade Cart |
| 30:03 | Create | Trade Cart |
| 30:04 | Create | Trade Cart |
| 30:17 | Build | Farm |
| 30:23 | Build | Farm |
Match timeline
| 0:23 | GEvans7 · wall_segment Palisade Wall x10 |
| 1:24 | GEvans7 · wall_segment Palisade Wall x11 |
| 1:37 | Goeki · wall_segment Palisade Wall x13 |
| 2:38 | Bjorraud · wall_segment Palisade Wall x9 |
| 3:53 | Bjorraud · wall_segment Palisade Wall x11 |
| 4:32 | Goeki · first_building Donjon |
| 4:43 | Goeki · wall_segment Palisade Wall x11 |
| 5:27 | SH_208 · wall_segment Palisade Wall x1 |
| 5:31 | SH_208 · wall_segment Palisade Wall x2 |
| 5:33 | SH_208 · wall_segment Palisade Wall x1 |
| 7:10 | SH_208 · wall_segment Palisade Wall x5 |
| 7:46 | SH_208 · wall_segment Palisade Wall x1 |
| 7:51 | SH_208 · wall_segment Palisade Wall x1 |
| 7:55 | SH_208 · wall_segment Palisade Wall x1 |
| 8:40 | SH_208 · wall_segment Palisade Wall x3 |
| 8:42 | SH_208 · wall_segment Palisade Wall x1 |
| 9:10 | SH_208 · first_building Barracks |
| 9:25 | Elvis · first_building Barracks |
| 10:49 | Karamba · first_building Barracks |
| 11:00 | Elvis · age_up feudal |
| 11:09 | KingYankee1 · age_up feudal |
| 11:30 | Karamba · age_up feudal |
| 12:24 | SH_208 · age_up feudal |
| 12:45 | GEvans7 · first_building Barracks |
| 12:56 | SH_208 · first_building Stable |
| 13:38 | Bjorraud · wall_segment Stone Wall x7 |
| 13:42 | Bjorraud · wall_segment Stone Wall x12 |
| 14:18 | Karamba · first_building Stable |
| 14:49 | Bardagger · age_up feudal |
| 15:14 | Bjorraud · wall_segment Stone Wall x7 |
| 15:25 | GEvans7 · wall_segment Stone Wall x11 |
| 15:27 | Bjorraud · wall_segment Stone Wall x11 |
| 16:29 | Bardagger · first_building Archery Range |
| 16:34 | Karamba · first_market_buy 100 food |
| 16:39 | Karamba · first_market_sell 100 wood |
| 17:14 | Bjorraud · first_market_buy 100 food |
| 17:24 | GEvans7 · wall_segment Stone Wall x11 |
| 17:46 | SH_208 · wall_segment Stone Wall x7 |
| 17:49 | SH_208 · wall_segment Stone Wall x7 |
| 18:00 | KingYankee1 · first_market_buy 100 wood |
| 18:05 | Bardagger · first_building Stable |
| 18:07 | KingYankee1 · age_up castle |
| 18:39 | Goeki · first_building Barracks |
| 18:54 | Goeki · age_up feudal |
| 18:57 | Elvis · first_building Archery Range |
| 19:05 | Goeki · wall_segment Stone Wall x14 |
| 19:22 | Karamba · age_up castle |
| 19:26 | Bardagger · age_up castle |
| 19:56 | Bardagger · first_building Monastery |
| 20:17 | Karamba · first_building Castle |
| 20:43 | Elvis · age_up castle |
| 20:52 | Elvis · first_building Siege Workshop |
| 20:57 | GEvans7 · first_building Stable |
| 21:25 | SH_208 · first_building Archery Range |
| 21:45 | KingYankee1 · first_building Monastery |
| 22:18 | Goeki · wall_segment Stone Wall x10 |
| 23:32 | Bardagger · first_building Siege Workshop |
| 23:35 | KingYankee1 · first_building Castle |
| 23:50 | Bjorraud · first_building Castle |
| 24:10 | Goeki · first_building Archery Range |
| 25:49 | Karamba · first_building Siege Workshop |
| 26:14 | Goeki · first_building Stable |
| 27:06 | SH_208 · age_up castle |
| 27:52 | SH_208 · first_building Castle |
| 27:54 | Karamba · first_building Monastery |
| 28:20 | KingYankee1 · first_building Siege Workshop |
| 29:53 | Goeki · wall_segment Stone Wall x2 |
| 29:59 | Goeki · wall_segment Stone Wall x15 |
| 30:01 | SH_208 · first_building Monastery |
| 30:02 | Bardagger · first_building Castle |
| 30:23 | Goeki · first_market_buy 500 stone |
| 30:32 | Bjorraud · first_building Monastery |
| 31:31 | GEvans7 · first_building Monastery |
| 31:38 | Elvis · first_building Monastery |
| 31:41 | KingYankee1 · first_building Barracks |
| 31:57 | GEvans7 · first_building Siege Workshop |
| 32:07 | GEvans7 · first_building Castle |
| 32:44 | SH_208 · first_market_buy 100 food |
| 32:47 | SH_208 · first_market_sell 100 stone |
| 33:29 | Bjorraud · first_building Barracks |
| 33:53 | KingYankee1 · age_up imperial |
| 33:57 | KingYankee1 · first_building Stable |
| 34:13 | Goeki · first_market_sell 500 stone |
| 35:27 | Goeki · wall_segment Stone Wall x9 |
| 35:52 | GEvans7 · first_market_buy 100 food |
| 36:05 | SH_208 · age_up imperial |
| 36:19 | Bardagger · age_up imperial |
| 36:27 | Bjorraud · first_building Stable |
| 36:37 | Elvis · first_building Castle |
| 36:38 | Karamba · age_up imperial |
| 37:21 | Goeki · age_up castle |
| 39:06 | SH_208 · wall_segment Stone Wall x3 |
| 39:13 | SH_208 · wall_segment Stone Wall x4 |
| 39:19 | Bjorraud · first_building Siege Workshop |
| 39:40 | Elvis · age_up imperial |
| 39:51 | SH_208 · wall_segment Stone Wall x9 |
| 40:57 | SH_208 · wall_segment Stone Wall x4 |
| 41:02 | SH_208 · wall_segment Stone Wall x5 |
| 41:51 | SH_208 · wall_segment Stone Wall x9 |
| 43:58 | Elvis · first_market_sell 100 food |
| 44:22 | GEvans7 · first_building Archery Range |
| 46:13 | Goeki · first_building Castle |
| 47:24 | SH_208 · wall_segment Stone Wall x8 |
| 52:11 | KingYankee1 · first_market_sell 100 food |
| 54:49 | Goeki · wall_segment Stone Wall x7 |
| 54:54 | Bjorraud · tribute_sent a jugador 1 |
| 54:54 | Bjorraud · tribute_sent a jugador 2 |
| 54:54 | Bjorraud · tribute_sent a jugador 3 |
| 54:54 | Bjorraud · tribute_sent a jugador 4 |
| 54:54 | Bjorraud · tribute_sent a jugador 5 |
| 54:54 | Bjorraud · tribute_sent a jugador 6 |
| 54:54 | Bjorraud · tribute_sent a jugador 7 |
| 55:27 | SH_208 · first_building Siege Workshop |
| 55:35 | Bjorraud · first_market_sell 500 food |
| 56:06 | SH_208 · tribute_sent a jugador 1 |
| 56:06 | SH_208 · tribute_sent a jugador 2 |
| 56:06 | SH_208 · tribute_sent a jugador 3 |
| 56:06 | SH_208 · tribute_sent a jugador 4 |
| 56:06 | SH_208 · tribute_sent a jugador 5 |
| 56:06 | SH_208 · tribute_sent a jugador 7 |
| 56:06 | SH_208 · tribute_sent a jugador 8 |
| 57:03 | Bjorraud · tribute_sent a jugador 1 |
| 57:03 | Bjorraud · tribute_sent a jugador 2 |
| 57:03 | Bjorraud · tribute_sent a jugador 3 |
| 57:03 | Bjorraud · tribute_sent a jugador 4 |
| 57:03 | Bjorraud · tribute_sent a jugador 5 |
| 57:03 | Bjorraud · tribute_sent a jugador 6 |
| 57:03 | Bjorraud · tribute_sent a jugador 7 |
| 57:55 | Bardagger · wall_segment Stone Wall x10 |
| 57:59 | Bardagger · wall_segment Stone Wall x8 |
| 58:10 | Bjorraud · resign |
[ AI ANALYSIS · 1 CREDIT ]
What really happened in this match?
Wolo.gg analyzes every decision: build order, eco, micro, common mistakes by bracket. Personalized analysis on WhatsApp or Discord in 30 seconds.
Civ guide
Hindustanis
Perfil
Jugador #23811554